Workbook
Name CheckBox: Ref!$A$1:$A$1
Name CurrencyList: Ref!$J$1:$J$4
Name DiscountScheme: Ref!$H$14:$I$45
Name FeeAdminHKD: Ref!$C$9
Name FeeBeerHKD: Ref!$C$4
Name FeeFoodHKD: Ref!$C$6
Name FeeShippingHKD: Ref!$C$8
Name FeeSpiritHKD: Ref!$C$3
Name FeeWineHKD: Ref!$C$2
Name InvoiceCurrency: 'Account Details'!$C$50
Name InvoiceCurrencyOffset: 'Account Details'!$D$50
Name InvoiceDiscount: 'Account Details'!$C$52
Name List_Category: Ref!$V$1:$V$100
Name List_Category_key: Ref!$U:$U
Name List_Category_s: Ref!$AD$1:$AD$400
Name List_Category_s_key: Ref!$AC:$AC
Name List_Category_ss: ProductCategories!$G$1:$G$602
Name List_Category_ss_key: ProductCategories!$I:$I
Name List_Type: Ref!$L$5:$L$10
Name List_Type_BeerMead: Ref!$B$14:$B$22
Name List_Type_Spirits: Ref!$B$40:$B$70
Name List_Type_Wine: Ref!$B$24:$B$37
Name PaymentCurrency: Ref!$J$1:$J$4
Name PaymentMethod: Ref!$H$1:$H$3
Name ProductCat_Spirits: Ref!#REF!
Name ProductCat_Spirits: Ref!#REF!
Name Subtotal_Beer: 'Product Details - Beer - Mead'!$AH$3:$AH$101
Name Subtotal_Food: 'Food Pairing'!$M$3:$M$500
Name Subtotal_Shipping: 'Details - Wine - Sparkling'!$AI$3:$AI$500
Name Subtotal_Spirit: 'Product Details - Beer - Mead'!$AH$3:$AH$500
Name Subtotal_Spirit: 'Details - Spirit-Sake-Vermouth'!$AH$3:$AH$500
Name Subtotal_Wine: 'Details - Wine - Sparkling'!$AH$3:$AH$500
Name WineColor: Ref!$J$7:$J$10

Sheet Account Details
A2: Global Wine & Spirits Awards Asia
A3: Registration Form
A5: Account Details
A6: Email Address
A7: Title
A8: First Name
A9: Surname
A10: Position
A11: Telephone
A12: Are you represented in Hong Kong
A13: Would you be interested in showcasing at our events
A14: Facebook
... A48: Payment
A49: Payment Method | C49: Bank Transfer
A50: Preferred Currency | C50: HKD | D50: =MATCH(InvoiceCurrency, CurrencyList, FALSE)-1 -> 0
A51: Discount Code
A52: Discount % | C52: 0
A53: Estimated Amount
A54: Entries | B54: =InvoiceCurrency -> HKD | C54: =SUM(Subtotal_Wine, Subtotal_Spirit, Subtotal_Beer) -> 0
A55: Food Pairing | B55: =InvoiceCurrency -> HKD | C55: =SUM(Subtotal_Food) -> 0
A56: Group Shipping | B56: =InvoiceCurrency -> HKD | C56: =SUM(Subtotal_Shipping) -> 0
A57: Aministration Fee | B57: =InvoiceCurrency -> HKD | C57: =IF(AND(SUM(C54:C56)>5700), OFFSET(FeeAdminHKD, 0, InvoiceCurrencyOffset),0) -> 0
A58: Total Amount | B58: =InvoiceCurrency -> HKD | C58: =SUM(C54:C57) -> 0
A60: Quick Information
A61: Entry Fees
A62: Wine, Sake and Spirits: | B62: HKD 1500 / USD 192
A63: Beer: | B63: HKD 450 / USD 58
A64: Food-Pairing: | B64: HKD 600 / USD 77
A65: Green Award: | B65: Free of Charge
A66: Other Fees
A67: Group Shipping (Wine Only) | B67: Not available
A68: Administration Fee | B68: 0.04
A70: Deadlines
A71: Registration | B71: Until 12 Sep 2025
A72: Sample Admission | B72: 18 Aug - 12 Sep 2025
A73: Group Shipping (Wine Only) | B73: Not Available
B74: Only applicable for products from Australia
A75: Judging (Wine, Sake & Spirits) | B75: 25-26 Sep 2025
A77: Further details available from:
A78: gwsaa.com
A80: Bank Account Details
A81: HONG KONG INTERNATIONAL WINE & SPIRIT COMPETITION LTD
A82: Building 17, Dunsfold Park,
A83: Stovolds Hills, Cranleigh, Surrey, GU6 8TB
A84: Great Britain
A85: Tel: +44 (0) 1483 548963
A87: HKD Payment:
A88: Account Name:Hong Kong International Wine & Spirit Competition Limited
A89: Bank Name:Barclays Bank PLC
A90: Bank Address:1 Churchill Place, London, United Kingdom, E14 5HP
... A114: Shipping
A115: Meiburg Wine Media Limited - GWSAA | C115: Be reminded:
A116: 9/F., Aberdeen Industrial Building | C116: - settle duties for spirits (30% a.b.v.)
A117: 236 Aberdeen Main Road | C117: - label boxes with cover (template)
A118: Aberdeen, HONG KONG | C118: - samples required
A119: Contact: David Li | C119: Wine & Sake - 3 bottles (750ml) / 2 bottles (500ml)
A120: Tel: +852 2515 0178 | C120: Spirits (700ml) - 2 bottles (700ml) / 3 bottles (500ml)
C121: Beer (330ml) - 4 bottles (330ml) / 2 bottles (500ml)
C122: Food Pairing - 1 additional bottle per food item
A124: Shipping details: https://gwsaa.com/enter-ship/

Sheet Details - Wine - Sparkling
B1: Full Name of Product | C1: Producer | D1: Category | E1: Sub Category | F1: Sub-sub Category | G1: Sub-sub-sub Category | H1: Other Category | I1: Country of Origin | J1: Region | K1: Sub Region | L1: Official Quality Status / Classification | M1: Vintage | N1: Colour | O1: Alcohol by Volume (in %) | P1: Total Production in bottles | Q1: Recommended Retail Price (USD) | R1: Varietal1 | S1: Varietal1 % | T1: Varietal2 | U1: Varietal2 % | V1: Varietal3 | W1: Varietal3 % | X1: Varietal4 | Y1: Varietal4 % | Z1: Varietal5 | AA1: Varietal5 % | AB1: Total % | AC1: Group Shipping* | AD1: Batch Number | AE1: Comments | AF1: Stockist | AG1: Importer | AH1: ="Entry " & InvoiceCurrency -> Entry HKD | AI1: ="Group Shipping " & InvoiceCurrency -> Group Shipping HKD
A2: e.g. | B2: GWSAA Reserve | C2: GWSAA Winery | D2: Still Wine - Sweet (45+ g/L Residual Sugar) | E2: 121-200g/L | I2: Australia | J2: Barossa Valley | M2: 2017 | N2: Red | O2: 14 | P2: 10000 | Q2: 5 | R2: Shiraz | S2: 0.9 | T2: Petit Verdot | U2: 0.1 | AB2: =SUM(S2,U2,W2,Y2,AA2) -> 1 | AC2: Yes | AD2: E100 | AF2: Hong Kong Wine Store | AG2: Hong Kong Wine Store | AH2: =IF(B2<>"", OFFSET(FeeWineHKD, 0, InvoiceCurrencyOffset)*(1-InvoiceDiscount), 0) -> 1500 | AI2: =IF(B2<>"",IF(AC2="YES", OFFSET(FeeShippingHKD,0,InvoiceCurrencyOffset),0), 0) -> 0 | AK2: =IFERROR(MATCH(D2, List_Category_key, FALSE),1) -> 354 | AL2: =IFERROR(MATCH(D2 & " Total", List_Category_key, FALSE), 2) -> 358 | AM2: =IFERROR(MATCH(E2, List_Category_s_key, FALSE), 1) -> 875 | AN2: =IFERROR(MATCH(E2 & " Total", List_Category_s_key, FALSE), 2) -> 880 | AO2: =D2&E2&F2 -> Still Wine - Sweet (45+ g/L Residual Sugar)121-200g/L | AP2: =IFERROR(MATCH(AO2, List_Category_ss_key, FALSE)-1,0) -> 0 | AQ2: =IFERROR(COUNTIF(List_Category_ss_key, 'Details - Wine - Sparkling'!AO2), 2) -> 0
A3: 1 | AB3: =SUM(S3,U3,W3,Y3,AA3) -> 0 | AH3: =IF(B3<>"", OFFSET(FeeWineHKD, 0, InvoiceCurrencyOffset)*(1-InvoiceDiscount), 0) -> 0 | AI3: =IF(B3<>"",IF(AC3="YES", OFFSET(FeeShippingHKD,0,InvoiceCurrencyOffset),0), 0) -> 0 | AK3: =IFERROR(MATCH(D3, List_Category_key, FALSE),1) -> 1 | AL3: =IFERROR(MATCH(D3 & " Total", List_Category_key, FALSE), 2) -> 2 | AM3: =IFERROR(MATCH(E3, List_Category_s_key, FALSE), 1) -> 1 | AN3: =IFERROR(MATCH(E3 & " Total", List_Category_s_key, FALSE), 2) -> 2 | AO3: =D3&E3&F3 | AP3: =IFERROR(MATCH(AO3, List_Category_ss_key, FALSE)-1,0) -> 0 | AQ3: =IFERROR(COUNTIF(List_Category_ss_key, 'Details - Wine - Sparkling'!AO3), 2) -> 1047370
A4: 2 | AB4: =SUM(S4,U4,W4,Y4,AA4) -> 0 | AH4: =IF(B4<>"", OFFSET(FeeWineHKD, 0, InvoiceCurrencyOffset)*(1-InvoiceDiscount), 0) -> 0 | AI4: =IF(B4<>"",IF(AC4="YES", OFFSET(FeeShippingHKD,0,InvoiceCurrencyOffset),0), 0) -> 0 | AK4: =IFERROR(MATCH(D4, List_Category_key, FALSE),1) -> 1 | AL4: =IFERROR(MATCH(D4 & " Total", List_Category_key, FALSE), 2) -> 2 | AM4: =IFERROR(MATCH(E4, List_Category_s_key, FALSE), 1) -> 1 | AN4: =IFERROR(MATCH(E4 & " Total", List_Category_s_key, FALSE), 2) -> 2 | AO4: =D4&E4&F4 | AP4: =IFERROR(MATCH(AO4, List_Category_ss_key, FALSE)-1,0) -> 0 | AQ4: =IFERROR(COUNTIF(List_Category_ss_key, 'Details - Wine - Sparkling'!AO4), 2) -> 1047370
A5: 3 | AB5: =SUM(S5,U5,W5,Y5,AA5) -> 0 | AH5: =IF(B5<>"", OFFSET(FeeWineHKD, 0, InvoiceCurrencyOffset)*(1-InvoiceDiscount), 0) -> 0 | AI5: =IF(B5<>"",IF(AC5="YES", OFFSET(FeeShippingHKD,0,InvoiceCurrencyOffset),0), 0) -> 0 | AK5: =IFERROR(MATCH(D5, List_Category_key, FALSE),1) -> 1 | AL5: =IFERROR(MATCH(D5 & " Total", List_Category_key, FALSE), 2) -> 2 | AM5: =IFERROR(MATCH(E5, List_Category_s_key, FALSE), 1) -> 1 | AN5: =IFERROR(MATCH(E5 & " Total", List_Category_s_key, FALSE), 2) -> 2 | AO5: =D5&E5&F5 | AP5: =IFERROR(MATCH(AO5, List_Category_ss_key, FALSE)-1,0) -> 0 | AQ5: =IFERROR(COUNTIF(List_Category_ss_key, 'Details - Wine - Sparkling'!AO5), 2) -> 1047370
A6: 4 | AB6: =SUM(S6,U6,W6,Y6,AA6) -> 0 | AH6: =IF(B6<>"", OFFSET(FeeWineHKD, 0, InvoiceCurrencyOffset)*(1-InvoiceDiscount), 0) -> 0 | AI6: =IF(B6<>"",IF(AC6="YES", OFFSET(FeeShippingHKD,0,InvoiceCurrencyOffset),0), 0) -> 0 | AK6: =IFERROR(MATCH(D6, List_Category_key, FALSE),1) -> 1 | AL6: =IFERROR(MATCH(D6 & " Total", List_Category_key, FALSE), 2) -> 2 | AM6: =IFERROR(MATCH(E6, List_Category_s_key, FALSE), 1) -> 1 | AN6: =IFERROR(MATCH(E6 & " Total", List_Category_s_key, FALSE), 2) -> 2 | AO6: =D6&E6&F6 | AP6: =IFERROR(MATCH(AO6, List_Category_ss_key, FALSE)-1,0) -> 0 | AQ6: =IFERROR(COUNTIF(List_Category_ss_key, 'Details - Wine - Sparkling'!AO6), 2) -> 1047370
A7: 5 | AB7: =SUM(S7,U7,W7,Y7,AA7) -> 0 | AH7: =IF(B7<>"", OFFSET(FeeWineHKD, 0, InvoiceCurrencyOffset)*(1-InvoiceDiscount), 0) -> 0 | AI7: =IF(B7<>"",IF(AC7="YES", OFFSET(FeeShippingHKD,0,InvoiceCurrencyOffset),0), 0) -> 0 | AK7: =IFERROR(MATCH(D7, List_Category_key, FALSE),1) -> 1 | AL7: =IFERROR(MATCH(D7 & " Total", List_Category_key, FALSE), 2) -> 2 | AM7: =IFERROR(MATCH(E7, List_Category_s_key, FALSE), 1) -> 1 | AN7: =IFERROR(MATCH(E7 & " Total", List_Category_s_key, FALSE), 2) -> 2 | AO7: =D7&E7&F7 | AP7: =IFERROR(MATCH(AO7, List_Category_ss_key, FALSE)-1,0) -> 0 | AQ7: =IFERROR(COUNTIF(List_Category_ss_key, 'Details - Wine - Sparkling'!AO7), 2) -> 1047370
A8: 6 | AB8: =SUM(S8,U8,W8,Y8,AA8) -> 0 | AH8: =IF(B8<>"", OFFSET(FeeWineHKD, 0, InvoiceCurrencyOffset)*(1-InvoiceDiscount), 0) -> 0 | AI8: =IF(B8<>"",IF(AC8="YES", OFFSET(FeeShippingHKD,0,InvoiceCurrencyOffset),0), 0) -> 0 | AK8: =IFERROR(MATCH(D8, List_Category_key, FALSE),1) -> 1 | AL8: =IFERROR(MATCH(D8 & " Total", List_Category_key, FALSE), 2) -> 2 | AM8: =IFERROR(MATCH(E8, List_Category_s_key, FALSE), 1) -> 1 | AN8: =IFERROR(MATCH(E8 & " Total", List_Category_s_key, FALSE), 2) -> 2 | AO8: =D8&E8&F8 | AP8: =IFERROR(MATCH(AO8, List_Category_ss_key, FALSE)-1,0) -> 0 | AQ8: =IFERROR(COUNTIF(List_Category_ss_key, 'Details - Wine - Sparkling'!AO8), 2) -> 1047370
A9: 7 | AB9: =SUM(S9,U9,W9,Y9,AA9) -> 0 | AH9: =IF(B9<>"", OFFSET(FeeWineHKD, 0, InvoiceCurrencyOffset)*(1-InvoiceDiscount), 0) -> 0 | AI9: =IF(B9<>"",IF(AC9="YES", OFFSET(FeeShippingHKD,0,InvoiceCurrencyOffset),0), 0) -> 0 | AK9: =IFERROR(MATCH(D9, List_Category_key, FALSE),1) -> 1 | AL9: =IFERROR(MATCH(D9 & " Total", List_Category_key, FALSE), 2) -> 2 | AM9: =IFERROR(MATCH(E9, List_Category_s_key, FALSE), 1) -> 1 | AN9: =IFERROR(MATCH(E9 & " Total", List_Category_s_key, FALSE), 2) -> 2 | AO9: =D9&E9&F9 | AP9: =IFERROR(MATCH(AO9, List_Category_ss_key, FALSE)-1,0) -> 0 | AQ9: =IFERROR(COUNTIF(List_Category_ss_key, 'Details - Wine - Sparkling'!AO9), 2) -> 1047370
A10: 8 | AB10: =SUM(S10,U10,W10,Y10,AA10) -> 0 | AH10: =IF(B10<>"", OFFSET(FeeWineHKD, 0, InvoiceCurrencyOffset)*(1-InvoiceDiscount), 0) -> 0 | AI10: =IF(B10<>"",IF(AC10="YES", OFFSET(FeeShippingHKD,0,InvoiceCurrencyOffset),0), 0) -> 0 | AK10: =IFERROR(MATCH(D10, List_Category_key, FALSE),1) -> 1 | AL10: =IFERROR(MATCH(D10 & " Total", List_Category_key, FALSE), 2) -> 2 | AM10: =IFERROR(MATCH(E10, List_Category_s_key, FALSE), 1) -> 1 | AN10: =IFERROR(MATCH(E10 & " Total", List_Category_s_key, FALSE), 2) -> 2 | AO10: =D10&E10&F10 | AP10: =IFERROR(MATCH(AO10, List_Category_ss_key, FALSE)-1,0) -> 0 | AQ10: =IFERROR(COUNTIF(List_Category_ss_key, 'Details - Wine - Sparkling'!AO10), 2) -> 1047370
A11: 9 | AB11: =SUM(S11,U11,W11,Y11,AA11) -> 0 | AH11: =IF(B11<>"", OFFSET(FeeWineHKD, 0, InvoiceCurrencyOffset)*(1-InvoiceDiscount), 0) -> 0 | AI11: =IF(B11<>"",IF(AC11="YES", OFFSET(FeeShippingHKD,0,InvoiceCurrencyOffset),0), 0) -> 0 | AK11: =IFERROR(MATCH(D11, List_Category_key, FALSE),1) -> 1 | AL11: =IFERROR(MATCH(D11 & " Total", List_Category_key, FALSE), 2) -> 2 | AM11: =IFERROR(MATCH(E11, List_Category_s_key, FALSE), 1) -> 1 | AN11: =IFERROR(MATCH(E11 & " Total", List_Category_s_key, FALSE), 2) -> 2 | AO11: =D11&E11&F11 | AP11: =IFERROR(MATCH(AO11, List_Category_ss_key, FALSE)-1,0) -> 0 | AQ11: =IFERROR(COUNTIF(List_Category_ss_key, 'Details - Wine - Sparkling'!AO11), 2) -> 1047370
A12: 10 | AB12: =SUM(S12,U12,W12,Y12,AA12) -> 0 | AH12: =IF(B12<>"", OFFSET(FeeWineHKD, 0, InvoiceCurrencyOffset)*(1-InvoiceDiscount), 0) -> 0 | AI12: =IF(B12<>"",IF(AC12="YES", OFFSET(FeeShippingHKD,0,InvoiceCurrencyOffset),0), 0) -> 0 | AK12: =IFERROR(MATCH(D12, List_Category_key, FALSE),1) -> 1 | AL12: =IFERROR(MATCH(D12 & " Total", List_Category_key, FALSE), 2) -> 2 | AM12: =IFERROR(MATCH(E12, List_Category_s_key, FALSE), 1) -> 1 | AN12: =IFERROR(MATCH(E12 & " Total", List_Category_s_key, FALSE), 2) -> 2 | AO12: =D12&E12&F12 | AP12: =IFERROR(MATCH(AO12, List_Category_ss_key, FALSE)-1,0) -> 0 | AQ12: =IFERROR(COUNTIF(List_Category_ss_key, 'Details - Wine - Sparkling'!AO12), 2) -> 1047370
A13: 11 | AB13: =SUM(S13,U13,W13,Y13,AA13) -> 0 | AH13: =IF(B13<>"", OFFSET(FeeWineHKD, 0, InvoiceCurrencyOffset)*(1-InvoiceDiscount), 0) -> 0 | AI13: =IF(B13<>"",IF(AC13="YES", OFFSET(FeeShippingHKD,0,InvoiceCurrencyOffset),0), 0) -> 0 | AK13: =IFERROR(MATCH(D13, List_Category_key, FALSE),1) -> 1 | AL13: =IFERROR(MATCH(D13 & " Total", List_Category_key, FALSE), 2) -> 2 | AM13: =IFERROR(MATCH(E13, List_Category_s_key, FALSE), 1) -> 1 | AN13: =IFERROR(MATCH(E13 & " Total", List_Category_s_key, FALSE), 2) -> 2 | AO13: =D13&E13&F13 | AP13: =IFERROR(MATCH(AO13, List_Category_ss_key, FALSE)-1,0) -> 0 | AQ13: =IFERROR(COUNTIF(List_Category_ss_key, 'Details - Wine - Sparkling'!AO13), 2) -> 1047370
A14: 12 | AB14: =SUM(S14,U14,W14,Y14,AA14) -> 0 | AH14: =IF(B14<>"", OFFSET(FeeWineHKD, 0, InvoiceCurrencyOffset)*(1-InvoiceDiscount), 0) -> 0 | AI14: =IF(B14<>"",IF(AC14="YES", OFFSET(FeeShippingHKD,0,InvoiceCurrencyOffset),0), 0) -> 0 | AK14: =IFERROR(MATCH(D14, List_Category_key, FALSE),1) -> 1 | AL14: =IFERROR(MATCH(D14 & " Total", List_Category_key, FALSE), 2) -> 2 | AM14: =IFERROR(MATCH(E14, List_Category_s_key, FALSE), 1) -> 1 | AN14: =IFERROR(MATCH(E14 & " Total", List_Category_s_key, FALSE), 2) -> 2 | AO14: =D14&E14&F14 | AP14: =IFERROR(MATCH(AO14, List_Category_ss_key, FALSE)-1,0) -> 0 | AQ14: =IFERROR(COUNTIF(List_Category_ss_key, 'Details - Wine - Sparkling'!AO14), 2) -> 1047370
... A101: 99 | AB101: =SUM(S101,U101,W101,Y101,AA101) -> 0 | AH101: =IF(B101<>"", OFFSET(FeeWineHKD, 0, InvoiceCurrencyOffset)*(1-InvoiceDiscount), 0) -> 0 | AI101: =IF(B101<>"",IF(AC101="YES", OFFSET(FeeShippingHKD,0,InvoiceCurrencyOffset),0), 0) -> 0 | AK101: =IFERROR(MATCH(D101, List_Category_key, FALSE),1) -> 1 | AL101: =IFERROR(MATCH(D101 & " Total", List_Category_key, FALSE), 2) -> 2 | AM101: =IFERROR(MATCH(E101, List_Category_s_key, FALSE), 1) -> 1 | AN101: =IFERROR(MATCH(E101 & " Total", List_Category_s_key, FALSE), 2) -> 2 | AO101: =D101&E101&F101 | AP101: =IFERROR(MATCH(AO101, List_Category_ss_key, FALSE)-1,0) -> 0 | AQ101: =IFERROR(COUNTIF(List_Category_ss_key, 'Details - Wine - Sparkling'!AO101), 2) -> 1047370

Sheet Details - Spirit-Sake-Vermouth
B1: Full Name of Product | C1: Producer | D1: Category | E1: Sub Category | F1: Sub-sub Category | G1: Sub-sub-sub Category | H1: Other Category | I1: Country of Origin | J1: Region | K1: Sub Region | L1: Official Quality Status / Classification | M1: Age (years) | N1: Colour | O1: Alcohol by Volume (in %) | P1: Total Production in bottles | Q1: Recommended Retail Price (USD) | R1: Varietal1 | S1: Varietal1 % | T1: Varietal2 | U1: Varietal2 % | V1: Varietal3 | W1: Varietal3 % | X1: Varietal4 | Y1: Varietal4 % | Z1: Varietal5 | AA1: Varietal5 % | AB1: Total % | AC1: Group Shipping* | AD1: Batch Number | AE1: Comments | AF1: Stockist | AG1: Importer | AH1: ="Entry " & InvoiceCurrency -> Entry HKD | AI1: ="Group Shipping " & InvoiceCurrency -> Group Shipping HKD
A2: e.g. | B2: GWSAA Whisky | C2: GWSAA Distillery | D2: Calvados | E2: Vintage | F2: Bas Armagnac | I2: Scotland | J2: Highland | M2: 2017 | N2: Red | O2: 14 | P2: 10000 | Q2: 500 | R2: Shiraz | S2: 0.9 | T2: Petit Verdot | U2: 0.1 | AB2: =SUM(S2,U2,W2,Y2,AA2) -> 1 | AC2: Yes | AD2: E100 | AF2: Hong Kong Wine Store | AG2: Hong Kong Wine Store | AH2: =IF(B2<>"", OFFSET(FeeSpiritHKD, 0, InvoiceCurrencyOffset)*(1-InvoiceDiscount), 0) -> 1500 | AK2: =IFERROR(MATCH(D2, List_Category_key, FALSE),1) -> 210 | AL2: =IFERROR(MATCH(D2 & " Total", List_Category_key, FALSE), 2) -> 215 | AM2: =IFERROR(MATCH(E2, List_Category_s_key, FALSE), 1) -> 252 | AN2: =IFERROR(MATCH(E2 & " Total", List_Category_s_key, FALSE), 2) -> 258 | AO2: =D2&E2&F2 -> CalvadosVintageBas Armagnac | AP2: =IFERROR(MATCH(AO2, List_Category_ss_key, FALSE)-1,0) -> 0 | AQ2: =IFERROR(COUNTIF(List_Category_ss_key, 'Details - Spirit-Sake-Vermouth'!AO2), 2) -> 0
A3: 1 | AB3: =SUM(S3,U3,W3,Y3,AA3) -> 0 | AH3: =IF(B3<>"", OFFSET(FeeSpiritHKD, 0, InvoiceCurrencyOffset)*(1-InvoiceDiscount), 0) -> 0 | AI3: =IF(B3<>"",IF(AC3="YES", OFFSET(FeeShippingHKD,0,InvoiceCurrencyOffset),0), 0) -> 0 | AK3: =IFERROR(MATCH(D3, List_Category_key, FALSE),1) -> 1 | AL3: =IFERROR(MATCH(D3 & " Total", List_Category_key, FALSE), 2) -> 2 | AM3: =IFERROR(MATCH(E3, List_Category_s_key, FALSE), 1) -> 1 | AN3: =IFERROR(MATCH(E3 & " Total", List_Category_s_key, FALSE), 2) -> 2 | AO3: =D3&E3&F3 | AP3: =IFERROR(MATCH(AO3, List_Category_ss_key, FALSE)-1,0) -> 0 | AQ3: =IFERROR(COUNTIF(List_Category_ss_key, 'Details - Spirit-Sake-Vermouth'!AO3), 2) -> 1047370
A4: 2 | AB4: =SUM(S4,U4,W4,Y4,AA4) -> 0 | AH4: =IF(B4<>"", OFFSET(FeeSpiritHKD, 0, InvoiceCurrencyOffset)*(1-InvoiceDiscount), 0) -> 0 | AI4: =IF(B4<>"",IF(AC4="YES", OFFSET(FeeShippingHKD,0,InvoiceCurrencyOffset),0), 0) -> 0 | AK4: =IFERROR(MATCH(D4, List_Category_key, FALSE),1) -> 1 | AL4: =IFERROR(MATCH(D4 & " Total", List_Category_key, FALSE), 2) -> 2 | AM4: =IFERROR(MATCH(E4, List_Category_s_key, FALSE), 1) -> 1 | AN4: =IFERROR(MATCH(E4 & " Total", List_Category_s_key, FALSE), 2) -> 2 | AO4: =D4&E4&F4 | AP4: =IFERROR(MATCH(AO4, List_Category_ss_key, FALSE)-1,0) -> 0 | AQ4: =IFERROR(COUNTIF(List_Category_ss_key, 'Details - Spirit-Sake-Vermouth'!AO4), 2) -> 1047370
A5: 3 | AB5: =SUM(S5,U5,W5,Y5,AA5) -> 0 | AH5: =IF(B5<>"", OFFSET(FeeSpiritHKD, 0, InvoiceCurrencyOffset)*(1-InvoiceDiscount), 0) -> 0 | AI5: =IF(B5<>"",IF(AC5="YES", OFFSET(FeeShippingHKD,0,InvoiceCurrencyOffset),0), 0) -> 0 | AK5: =IFERROR(MATCH(D5, List_Category_key, FALSE),1) -> 1 | AL5: =IFERROR(MATCH(D5 & " Total", List_Category_key, FALSE), 2) -> 2 | AM5: =IFERROR(MATCH(E5, List_Category_s_key, FALSE), 1) -> 1 | AN5: =IFERROR(MATCH(E5 & " Total", List_Category_s_key, FALSE), 2) -> 2 | AO5: =D5&E5&F5 | AP5: =IFERROR(MATCH(AO5, List_Category_ss_key, FALSE)-1,0) -> 0 | AQ5: =IFERROR(COUNTIF(List_Category_ss_key, 'Details - Spirit-Sake-Vermouth'!AO5), 2) -> 1047370
A6: 4 | AB6: =SUM(S6,U6,W6,Y6,AA6) -> 0 | AH6: =IF(B6<>"", OFFSET(FeeSpiritHKD, 0, InvoiceCurrencyOffset)*(1-InvoiceDiscount), 0) -> 0 | AI6: =IF(B6<>"",IF(AC6="YES", OFFSET(FeeShippingHKD,0,InvoiceCurrencyOffset),0), 0) -> 0 | AK6: =IFERROR(MATCH(D6, List_Category_key, FALSE),1) -> 1 | AL6: =IFERROR(MATCH(D6 & " Total", List_Category_key, FALSE), 2) -> 2 | AM6: =IFERROR(MATCH(E6, List_Category_s_key, FALSE), 1) -> 1 | AN6: =IFERROR(MATCH(E6 & " Total", List_Category_s_key, FALSE), 2) -> 2 | AO6: =D6&E6&F6 | AP6: =IFERROR(MATCH(AO6, List_Category_ss_key, FALSE)-1,0) -> 0 | AQ6: =IFERROR(COUNTIF(List_Category_ss_key, 'Details - Spirit-Sake-Vermouth'!AO6), 2) -> 1047370
A7: 5 | AB7: =SUM(S7,U7,W7,Y7,AA7) -> 0 | AH7: =IF(B7<>"", OFFSET(FeeSpiritHKD, 0, InvoiceCurrencyOffset)*(1-InvoiceDiscount), 0) -> 0 | AI7: =IF(B7<>"",IF(AC7="YES", OFFSET(FeeShippingHKD,0,InvoiceCurrencyOffset),0), 0) -> 0 | AK7: =IFERROR(MATCH(D7, List_Category_key, FALSE),1) -> 1 | AL7: =IFERROR(MATCH(D7 & " Total", List_Category_key, FALSE), 2) -> 2 | AM7: =IFERROR(MATCH(E7, List_Category_s_key, FALSE), 1) -> 1 | AN7: =IFERROR(MATCH(E7 & " Total", List_Category_s_key, FALSE), 2) -> 2 | AO7: =D7&E7&F7 | AP7: =IFERROR(MATCH(AO7, List_Category_ss_key, FALSE)-1,0) -> 0 | AQ7: =IFERROR(COUNTIF(List_Category_ss_key, 'Details - Spirit-Sake-Vermouth'!AO7), 2) -> 1047370
A8: 6 | AB8: =SUM(S8,U8,W8,Y8,AA8) -> 0 | AH8: =IF(B8<>"", OFFSET(FeeSpiritHKD, 0, InvoiceCurrencyOffset)*(1-InvoiceDiscount), 0) -> 0 | AI8: =IF(B8<>"",IF(AC8="YES", OFFSET(FeeShippingHKD,0,InvoiceCurrencyOffset),0), 0) -> 0 | AK8: =IFERROR(MATCH(D8, List_Category_key, FALSE),1) -> 1 | AL8: =IFERROR(MATCH(D8 & " Total", List_Category_key, FALSE), 2) -> 2 | AM8: =IFERROR(MATCH(E8, List_Category_s_key, FALSE), 1) -> 1 | AN8: =IFERROR(MATCH(E8 & " Total", List_Category_s_key, FALSE), 2) -> 2 | AO8: =D8&E8&F8 | AP8: =IFERROR(MATCH(AO8, List_Category_ss_key, FALSE)-1,0) -> 0 | AQ8: =IFERROR(COUNTIF(List_Category_ss_key, 'Details - Spirit-Sake-Vermouth'!AO8), 2) -> 1047370
A9: 7 | AB9: =SUM(S9,U9,W9,Y9,AA9) -> 0 | AH9: =IF(B9<>"", OFFSET(FeeSpiritHKD, 0, InvoiceCurrencyOffset)*(1-InvoiceDiscount), 0) -> 0 | AI9: =IF(B9<>"",IF(AC9="YES", OFFSET(FeeShippingHKD,0,InvoiceCurrencyOffset),0), 0) -> 0 | AK9: =IFERROR(MATCH(D9, List_Category_key, FALSE),1) -> 1 | AL9: =IFERROR(MATCH(D9 & " Total", List_Category_key, FALSE), 2) -> 2 | AM9: =IFERROR(MATCH(E9, List_Category_s_key, FALSE), 1) -> 1 | AN9: =IFERROR(MATCH(E9 & " Total", List_Category_s_key, FALSE), 2) -> 2 | AO9: =D9&E9&F9 | AP9: =IFERROR(MATCH(AO9, List_Category_ss_key, FALSE)-1,0) -> 0 | AQ9: =IFERROR(COUNTIF(List_Category_ss_key, 'Details - Spirit-Sake-Vermouth'!AO9), 2) -> 1047370
A10: 8 | AB10: =SUM(S10,U10,W10,Y10,AA10) -> 0 | AH10: =IF(B10<>"", OFFSET(FeeSpiritHKD, 0, InvoiceCurrencyOffset)*(1-InvoiceDiscount), 0) -> 0 | AI10: =IF(B10<>"",IF(AC10="YES", OFFSET(FeeShippingHKD,0,InvoiceCurrencyOffset),0), 0) -> 0 | AK10: =IFERROR(MATCH(D10, List_Category_key, FALSE),1) -> 1 | AL10: =IFERROR(MATCH(D10 & " Total", List_Category_key, FALSE), 2) -> 2 | AM10: =IFERROR(MATCH(E10, List_Category_s_key, FALSE), 1) -> 1 | AN10: =IFERROR(MATCH(E10 & " Total", List_Category_s_key, FALSE), 2) -> 2 | AO10: =D10&E10&F10 | AP10: =IFERROR(MATCH(AO10, List_Category_ss_key, FALSE)-1,0) -> 0 | AQ10: =IFERROR(COUNTIF(List_Category_ss_key, 'Details - Spirit-Sake-Vermouth'!AO10), 2) -> 1047370
A11: 9 | AB11: =SUM(S11,U11,W11,Y11,AA11) -> 0 | AH11: =IF(B11<>"", OFFSET(FeeSpiritHKD, 0, InvoiceCurrencyOffset)*(1-InvoiceDiscount), 0) -> 0 | AI11: =IF(B11<>"",IF(AC11="YES", OFFSET(FeeShippingHKD,0,InvoiceCurrencyOffset),0), 0) -> 0 | AK11: =IFERROR(MATCH(D11, List_Category_key, FALSE),1) -> 1 | AL11: =IFERROR(MATCH(D11 & " Total", List_Category_key, FALSE), 2) -> 2 | AM11: =IFERROR(MATCH(E11, List_Category_s_key, FALSE), 1) -> 1 | AN11: =IFERROR(MATCH(E11 & " Total", List_Category_s_key, FALSE), 2) -> 2 | AO11: =D11&E11&F11 | AP11: =IFERROR(MATCH(AO11, List_Category_ss_key, FALSE)-1,0) -> 0 | AQ11: =IFERROR(COUNTIF(List_Category_ss_key, 'Details - Spirit-Sake-Vermouth'!AO11), 2) -> 1047370
A12: 10 | AB12: =SUM(S12,U12,W12,Y12,AA12) -> 0 | AH12: =IF(B12<>"", OFFSET(FeeSpiritHKD, 0, InvoiceCurrencyOffset)*(1-InvoiceDiscount), 0) -> 0 | AI12: =IF(B12<>"",IF(AC12="YES", OFFSET(FeeShippingHKD,0,InvoiceCurrencyOffset),0), 0) -> 0 | AK12: =IFERROR(MATCH(D12, List_Category_key, FALSE),1) -> 1 | AL12: =IFERROR(MATCH(D12 & " Total", List_Category_key, FALSE), 2) -> 2 | AM12: =IFERROR(MATCH(E12, List_Category_s_key, FALSE), 1) -> 1 | AN12: =IFERROR(MATCH(E12 & " Total", List_Category_s_key, FALSE), 2) -> 2 | AO12: =D12&E12&F12 | AP12: =IFERROR(MATCH(AO12, List_Category_ss_key, FALSE)-1,0) -> 0 | AQ12: =IFERROR(COUNTIF(List_Category_ss_key, 'Details - Spirit-Sake-Vermouth'!AO12), 2) -> 1047370
A13: 11 | AB13: =SUM(S13,U13,W13,Y13,AA13) -> 0 | AH13: =IF(B13<>"", OFFSET(FeeSpiritHKD, 0, InvoiceCurrencyOffset)*(1-InvoiceDiscount), 0) -> 0 | AI13: =IF(B13<>"",IF(AC13="YES", OFFSET(FeeShippingHKD,0,InvoiceCurrencyOffset),0), 0) -> 0 | AK13: =IFERROR(MATCH(D13, List_Category_key, FALSE),1) -> 1 | AL13: =IFERROR(MATCH(D13 & " Total", List_Category_key, FALSE), 2) -> 2 | AM13: =IFERROR(MATCH(E13, List_Category_s_key, FALSE), 1) -> 1 | AN13: =IFERROR(MATCH(E13 & " Total", List_Category_s_key, FALSE), 2) -> 2 | AO13: =D13&E13&F13 | AP13: =IFERROR(MATCH(AO13, List_Category_ss_key, FALSE)-1,0) -> 0 | AQ13: =IFERROR(COUNTIF(List_Category_ss_key, 'Details - Spirit-Sake-Vermouth'!AO13), 2) -> 1047370
A14: 12 | AB14: =SUM(S14,U14,W14,Y14,AA14) -> 0 | AH14: =IF(B14<>"", OFFSET(FeeSpiritHKD, 0, InvoiceCurrencyOffset)*(1-InvoiceDiscount), 0) -> 0 | AI14: =IF(B14<>"",IF(AC14="YES", OFFSET(FeeShippingHKD,0,InvoiceCurrencyOffset),0), 0) -> 0 | AK14: =IFERROR(MATCH(D14, List_Category_key, FALSE),1) -> 1 | AL14: =IFERROR(MATCH(D14 & " Total", List_Category_key, FALSE), 2) -> 2 | AM14: =IFERROR(MATCH(E14, List_Category_s_key, FALSE), 1) -> 1 | AN14: =IFERROR(MATCH(E14 & " Total", List_Category_s_key, FALSE), 2) -> 2 | AO14: =D14&E14&F14 | AP14: =IFERROR(MATCH(AO14, List_Category_ss_key, FALSE)-1,0) -> 0 | AQ14: =IFERROR(COUNTIF(List_Category_ss_key, 'Details - Spirit-Sake-Vermouth'!AO14), 2) -> 1047370
... A101: 99 | AB101: =SUM(S101,U101,W101,Y101,AA101) -> 0 | AH101: =IF(B101<>"", OFFSET(FeeSpiritHKD, 0, InvoiceCurrencyOffset)*(1-InvoiceDiscount), 0) -> 0 | AI101: =IF(B101<>"",IF(AC101="YES", OFFSET(FeeShippingHKD,0,InvoiceCurrencyOffset),0), 0) -> 0 | AK101: =IFERROR(MATCH(D101, List_Category_key, FALSE),1) -> 1 | AL101: =IFERROR(MATCH(D101 & " Total", List_Category_key, FALSE), 2) -> 2 | AM101: =IFERROR(MATCH(E101, List_Category_s_key, FALSE), 1) -> 1 | AN101: =IFERROR(MATCH(E101 & " Total", List_Category_s_key, FALSE), 2) -> 2 | AO101: =D101&E101&F101 | AP101: =IFERROR(MATCH(AO101, List_Category_ss_key, FALSE)-1,0) -> 0 | AQ101: =IFERROR(COUNTIF(List_Category_ss_key, 'Details - Spirit-Sake-Vermouth'!AO101), 2) -> 1047370

Sheet Product Details - Beer - Mead
B1: Full Name of Product | C1: Producer | D1: Category | E1: Sub Category | F1: Sub-sub Category | G1: Sub-sub-sub Category | H1: Other Category | I1: Country of Origin | J1: Region | K1: Sub Region | L1: Official Quality Status / Classification | M1: Age (years) | N1: Colour | O1: Alcohol by Volume (in %) | P1: Total Production in bottles | Q1: Recommended Retail Price (USD) | R1: Varietal1 | S1: Varietal1 % | T1: Varietal2 | U1: Varietal2 % | V1: Varietal3 | W1: Varietal3 % | X1: Varietal4 | Y1: Varietal4 % | Z1: Varietal5 | AA1: Varietal5 % | AB1: Total % | AC1: Group Shipping* | AD1: Batch Number | AE1: Comments | AF1: Stockist | AG1: Importer | AH1: ="Entry " & InvoiceCurrency -> Entry HKD | AI1: ="Group Shipping " & InvoiceCurrency -> Group Shipping HKD
A2: e.g. | B2: GWSAA Beer | C2: GWSAA Brewery | D2: IPA | E2: Double IPA (22A) | I2: Scotland | J2: Highland | M2: 2017 | N2: Red | O2: 14 | P2: 10000 | Q2: 500 | R2: Shiraz | S2: 0.9 | T2: Petit Verdot | U2: 0.1 | AB2: =SUM(S2,U2,W2,Y2,AA2) -> 1 | AC2: Yes | AD2: E100 | AF2: Hong Kong Wine Store | AG2: Hong Kong Wine Store | AH2: =IF(B2<>"", OFFSET(FeeBeerHKD, 0, InvoiceCurrencyOffset)*(1-InvoiceDiscount), 0) -> 450 | AK2: =IFERROR(MATCH(D2, List_Category_key, FALSE),1) -> 7 | AL2: =IFERROR(MATCH(D2 & " Total", List_Category_key, FALSE), 2) -> 11 | AM2: =IFERROR(MATCH(E2, List_Category_s_key, FALSE), 1) -> 5 | AN2: =IFERROR(MATCH(E2 & " Total", List_Category_s_key, FALSE), 2) -> 6 | AO2: =D2&E2&F2 -> IPADouble IPA (22A) | AP2: =IFERROR(MATCH(AO2, List_Category_ss_key, FALSE)-1,0) -> 2 | AQ2: =IFERROR(COUNTIF(List_Category_ss_key, 'Product Details - Beer - Mead'!AO2), 2) -> 1
A3: 1 | AB3: =SUM(S3,U3,W3,Y3,AA3) -> 0 | AH3: =IF(B3<>"", OFFSET(FeeBeerHKD, 0, InvoiceCurrencyOffset)*(1-InvoiceDiscount), 0) -> 0 | AI3: =IF(B3<>"",IF(AC3="YES", OFFSET(FeeShippingHKD,0,InvoiceCurrencyOffset),0), 0) -> 0 | AK3: =IFERROR(MATCH(D3, List_Category_key, FALSE),1) -> 1 | AL3: =IFERROR(MATCH(D3 & " Total", List_Category_key, FALSE), 2) -> 2 | AM3: =IFERROR(MATCH(E3, List_Category_s_key, FALSE), 1) -> 1 | AN3: =IFERROR(MATCH(E3 & " Total", List_Category_s_key, FALSE), 2) -> 2 | AO3: =D3&E3&F3 | AP3: =IFERROR(MATCH(AO3, List_Category_ss_key, FALSE)-1,0) -> 0 | AQ3: =IFERROR(COUNTIF(List_Category_ss_key, 'Product Details - Beer - Mead'!AO3), 2) -> 1047370
A4: 2 | AB4: =SUM(S4,U4,W4,Y4,AA4) -> 0 | AH4: =IF(B4<>"", OFFSET(FeeBeerHKD, 0, InvoiceCurrencyOffset)*(1-InvoiceDiscount), 0) -> 0 | AI4: =IF(B4<>"",IF(AC4="YES", OFFSET(FeeShippingHKD,0,InvoiceCurrencyOffset),0), 0) -> 0 | AK4: =IFERROR(MATCH(D4, List_Category_key, FALSE),1) -> 1 | AL4: =IFERROR(MATCH(D4 & " Total", List_Category_key, FALSE), 2) -> 2 | AM4: =IFERROR(MATCH(E4, List_Category_s_key, FALSE), 1) -> 1 | AN4: =IFERROR(MATCH(E4 & " Total", List_Category_s_key, FALSE), 2) -> 2 | AO4: =D4&E4&F4 | AP4: =IFERROR(MATCH(AO4, List_Category_ss_key, FALSE)-1,0) -> 0 | AQ4: =IFERROR(COUNTIF(List_Category_ss_key, 'Product Details - Beer - Mead'!AO4), 2) -> 1047370
A5: 3 | AB5: =SUM(S5,U5,W5,Y5,AA5) -> 0 | AH5: =IF(B5<>"", OFFSET(FeeBeerHKD, 0, InvoiceCurrencyOffset)*(1-InvoiceDiscount), 0) -> 0 | AI5: =IF(B5<>"",IF(AC5="YES", OFFSET(FeeShippingHKD,0,InvoiceCurrencyOffset),0), 0) -> 0 | AK5: =IFERROR(MATCH(D5, List_Category_key, FALSE),1) -> 1 | AL5: =IFERROR(MATCH(D5 & " Total", List_Category_key, FALSE), 2) -> 2 | AM5: =IFERROR(MATCH(E5, List_Category_s_key, FALSE), 1) -> 1 | AN5: =IFERROR(MATCH(E5 & " Total", List_Category_s_key, FALSE), 2) -> 2 | AO5: =D5&E5&F5 | AP5: =IFERROR(MATCH(AO5, List_Category_ss_key, FALSE)-1,0) -> 0 | AQ5: =IFERROR(COUNTIF(List_Category_ss_key, 'Product Details - Beer - Mead'!AO5), 2) -> 1047370
A6: 4 | AB6: =SUM(S6,U6,W6,Y6,AA6) -> 0 | AH6: =IF(B6<>"", OFFSET(FeeBeerHKD, 0, InvoiceCurrencyOffset)*(1-InvoiceDiscount), 0) -> 0 | AI6: =IF(B6<>"",IF(AC6="YES", OFFSET(FeeShippingHKD,0,InvoiceCurrencyOffset),0), 0) -> 0 | AK6: =IFERROR(MATCH(D6, List_Category_key, FALSE),1) -> 1 | AL6: =IFERROR(MATCH(D6 & " Total", List_Category_key, FALSE), 2) -> 2 | AM6: =IFERROR(MATCH(E6, List_Category_s_key, FALSE), 1) -> 1 | AN6: =IFERROR(MATCH(E6 & " Total", List_Category_s_key, FALSE), 2) -> 2 | AO6: =D6&E6&F6 | AP6: =IFERROR(MATCH(AO6, List_Category_ss_key, FALSE)-1,0) -> 0 | AQ6: =IFERROR(COUNTIF(List_Category_ss_key, 'Product Details - Beer - Mead'!AO6), 2) -> 1047370
A7: 5 | AB7: =SUM(S7,U7,W7,Y7,AA7) -> 0 | AH7: =IF(B7<>"", OFFSET(FeeBeerHKD, 0, InvoiceCurrencyOffset)*(1-InvoiceDiscount), 0) -> 0 | AI7: =IF(B7<>"",IF(AC7="YES", OFFSET(FeeShippingHKD,0,InvoiceCurrencyOffset),0), 0) -> 0 | AK7: =IFERROR(MATCH(D7, List_Category_key, FALSE),1) -> 1 | AL7: =IFERROR(MATCH(D7 & " Total", List_Category_key, FALSE), 2) -> 2 | AM7: =IFERROR(MATCH(E7, List_Category_s_key, FALSE), 1) -> 1 | AN7: =IFERROR(MATCH(E7 & " Total", List_Category_s_key, FALSE), 2) -> 2 | AO7: =D7&E7&F7 | AP7: =IFERROR(MATCH(AO7, List_Category_ss_key, FALSE)-1,0) -> 0 | AQ7: =IFERROR(COUNTIF(List_Category_ss_key, 'Product Details - Beer - Mead'!AO7), 2) -> 1047370
A8: 6 | AB8: =SUM(S8,U8,W8,Y8,AA8) -> 0 | AH8: =IF(B8<>"", OFFSET(FeeBeerHKD, 0, InvoiceCurrencyOffset)*(1-InvoiceDiscount), 0) -> 0 | AI8: =IF(B8<>"",IF(AC8="YES", OFFSET(FeeShippingHKD,0,InvoiceCurrencyOffset),0), 0) -> 0 | AK8: =IFERROR(MATCH(D8, List_Category_key, FALSE),1) -> 1 | AL8: =IFERROR(MATCH(D8 & " Total", List_Category_key, FALSE), 2) -> 2 | AM8: =IFERROR(MATCH(E8, List_Category_s_key, FALSE), 1) -> 1 | AN8: =IFERROR(MATCH(E8 & " Total", List_Category_s_key, FALSE), 2) -> 2 | AO8: =D8&E8&F8 | AP8: =IFERROR(MATCH(AO8, List_Category_ss_key, FALSE)-1,0) -> 0 | AQ8: =IFERROR(COUNTIF(List_Category_ss_key, 'Product Details - Beer - Mead'!AO8), 2) -> 1047370
A9: 7 | AB9: =SUM(S9,U9,W9,Y9,AA9) -> 0 | AH9: =IF(B9<>"", OFFSET(FeeBeerHKD, 0, InvoiceCurrencyOffset)*(1-InvoiceDiscount), 0) -> 0 | AI9: =IF(B9<>"",IF(AC9="YES", OFFSET(FeeShippingHKD,0,InvoiceCurrencyOffset),0), 0) -> 0 | AK9: =IFERROR(MATCH(D9, List_Category_key, FALSE),1) -> 1 | AL9: =IFERROR(MATCH(D9 & " Total", List_Category_key, FALSE), 2) -> 2 | AM9: =IFERROR(MATCH(E9, List_Category_s_key, FALSE), 1) -> 1 | AN9: =IFERROR(MATCH(E9 & " Total", List_Category_s_key, FALSE), 2) -> 2 | AO9: =D9&E9&F9 | AP9: =IFERROR(MATCH(AO9, List_Category_ss_key, FALSE)-1,0) -> 0 | AQ9: =IFERROR(COUNTIF(List_Category_ss_key, 'Product Details - Beer - Mead'!AO9), 2) -> 1047370
A10: 8 | AB10: =SUM(S10,U10,W10,Y10,AA10) -> 0 | AH10: =IF(B10<>"", OFFSET(FeeBeerHKD, 0, InvoiceCurrencyOffset)*(1-InvoiceDiscount), 0) -> 0 | AI10: =IF(B10<>"",IF(AC10="YES", OFFSET(FeeShippingHKD,0,InvoiceCurrencyOffset),0), 0) -> 0 | AK10: =IFERROR(MATCH(D10, List_Category_key, FALSE),1) -> 1 | AL10: =IFERROR(MATCH(D10 & " Total", List_Category_key, FALSE), 2) -> 2 | AM10: =IFERROR(MATCH(E10, List_Category_s_key, FALSE), 1) -> 1 | AN10: =IFERROR(MATCH(E10 & " Total", List_Category_s_key, FALSE), 2) -> 2 | AO10: =D10&E10&F10 | AP10: =IFERROR(MATCH(AO10, List_Category_ss_key, FALSE)-1,0) -> 0 | AQ10: =IFERROR(COUNTIF(List_Category_ss_key, 'Product Details - Beer - Mead'!AO10), 2) -> 1047370
A11: 9 | AB11: =SUM(S11,U11,W11,Y11,AA11) -> 0 | AH11: =IF(B11<>"", OFFSET(FeeBeerHKD, 0, InvoiceCurrencyOffset)*(1-InvoiceDiscount), 0) -> 0 | AI11: =IF(B11<>"",IF(AC11="YES", OFFSET(FeeShippingHKD,0,InvoiceCurrencyOffset),0), 0) -> 0 | AK11: =IFERROR(MATCH(D11, List_Category_key, FALSE),1) -> 1 | AL11: =IFERROR(MATCH(D11 & " Total", List_Category_key, FALSE), 2) -> 2 | AM11: =IFERROR(MATCH(E11, List_Category_s_key, FALSE), 1) -> 1 | AN11: =IFERROR(MATCH(E11 & " Total", List_Category_s_key, FALSE), 2) -> 2 | AO11: =D11&E11&F11 | AP11: =IFERROR(MATCH(AO11, List_Category_ss_key, FALSE)-1,0) -> 0 | AQ11: =IFERROR(COUNTIF(List_Category_ss_key, 'Product Details - Beer - Mead'!AO11), 2) -> 1047370
A12: 10 | AB12: =SUM(S12,U12,W12,Y12,AA12) -> 0 | AH12: =IF(B12<>"", OFFSET(FeeBeerHKD, 0, InvoiceCurrencyOffset)*(1-InvoiceDiscount), 0) -> 0 | AI12: =IF(B12<>"",IF(AC12="YES", OFFSET(FeeShippingHKD,0,InvoiceCurrencyOffset),0), 0) -> 0 | AK12: =IFERROR(MATCH(D12, List_Category_key, FALSE),1) -> 1 | AL12: =IFERROR(MATCH(D12 & " Total", List_Category_key, FALSE), 2) -> 2 | AM12: =IFERROR(MATCH(E12, List_Category_s_key, FALSE), 1) -> 1 | AN12: =IFERROR(MATCH(E12 & " Total", List_Category_s_key, FALSE), 2) -> 2 | AO12: =D12&E12&F12 | AP12: =IFERROR(MATCH(AO12, List_Category_ss_key, FALSE)-1,0) -> 0 | AQ12: =IFERROR(COUNTIF(List_Category_ss_key, 'Product Details - Beer - Mead'!AO12), 2) -> 1047370
A13: 11 | AB13: =SUM(S13,U13,W13,Y13,AA13) -> 0 | AH13: =IF(B13<>"", OFFSET(FeeBeerHKD, 0, InvoiceCurrencyOffset)*(1-InvoiceDiscount), 0) -> 0 | AI13: =IF(B13<>"",IF(AC13="YES", OFFSET(FeeShippingHKD,0,InvoiceCurrencyOffset),0), 0) -> 0 | AK13: =IFERROR(MATCH(D13, List_Category_key, FALSE),1) -> 1 | AL13: =IFERROR(MATCH(D13 & " Total", List_Category_key, FALSE), 2) -> 2 | AM13: =IFERROR(MATCH(E13, List_Category_s_key, FALSE), 1) -> 1 | AN13: =IFERROR(MATCH(E13 & " Total", List_Category_s_key, FALSE), 2) -> 2 | AO13: =D13&E13&F13 | AP13: =IFERROR(MATCH(AO13, List_Category_ss_key, FALSE)-1,0) -> 0 | AQ13: =IFERROR(COUNTIF(List_Category_ss_key, 'Product Details - Beer - Mead'!AO13), 2) -> 1047370
A14: 12 | AB14: =SUM(S14,U14,W14,Y14,AA14) -> 0 | AH14: =IF(B14<>"", OFFSET(FeeBeerHKD, 0, InvoiceCurrencyOffset)*(1-InvoiceDiscount), 0) -> 0 | AI14: =IF(B14<>"",IF(AC14="YES", OFFSET(FeeShippingHKD,0,InvoiceCurrencyOffset),0), 0) -> 0 | AK14: =IFERROR(MATCH(D14, List_Category_key, FALSE),1) -> 1 | AL14: =IFERROR(MATCH(D14 & " Total", List_Category_key, FALSE), 2) -> 2 | AM14: =IFERROR(MATCH(E14, List_Category_s_key, FALSE), 1) -> 1 | AN14: =IFERROR(MATCH(E14 & " Total", List_Category_s_key, FALSE), 2) -> 2 | AO14: =D14&E14&F14 | AP14: =IFERROR(MATCH(AO14, List_Category_ss_key, FALSE)-1,0) -> 0 | AQ14: =IFERROR(COUNTIF(List_Category_ss_key, 'Product Details - Beer - Mead'!AO14), 2) -> 1047370
... A101: 99 | AB101: =SUM(S101,U101,W101,Y101,AA101) -> 0 | AH101: =IF(B101<>"", OFFSET(FeeBeerHKD, 0, InvoiceCurrencyOffset)*(1-InvoiceDiscount), 0) -> 0 | AI101: =IF(B101<>"",IF(AC101="YES", OFFSET(FeeShippingHKD,0,InvoiceCurrencyOffset),0), 0) -> 0 | AK101: =IFERROR(MATCH(D101, List_Category_key, FALSE),1) -> 1 | AL101: =IFERROR(MATCH(D101 & " Total", List_Category_key, FALSE), 2) -> 2 | AM101: =IFERROR(MATCH(E101, List_Category_s_key, FALSE), 1) -> 1 | AN101: =IFERROR(MATCH(E101 & " Total", List_Category_s_key, FALSE), 2) -> 2 | AO101: =D101&E101&F101 | AP101: =IFERROR(MATCH(AO101, List_Category_ss_key, FALSE)-1,0) -> 0 | AQ101: =IFERROR(COUNTIF(List_Category_ss_key, 'Product Details - Beer - Mead'!AO101), 2) -> 1047370
AP102: =IFERROR(MATCH(AO102, List_Category_ss_key, FALSE)-1,0) -> 0

Sheet Food Pairing
B1: Product | C1: TBC | D1: TBC | E1: TBC | F1: TBC | G1: TBC | H1: TBC | J1: Coconut Layer Cake (Bánh Da Lợn) - Vietnamese | K1: Green Award | L1: Organic / sustainable / biodynamic official certification | M1: ="Sub-total " & InvoiceCurrency -> Sub-total HKD
A2: e.g. | B2: GWSAA Reserve | D2: YES | F2: YES | K2: YES | L2: Organic Australia | M2: =IF(B2<>"", OFFSET(FeeFoodHKD, 0, InvoiceCurrencyOffset)*(1-InvoiceDiscount)*COUNTA(C2:J2), 0) -> 1200
A3: 1 | M3: =IF(B3<>"", OFFSET(FeeFoodHKD, 0, InvoiceCurrencyOffset)*(1-InvoiceDiscount)*COUNTA(C3:J3), 0) -> 0
A4: 2 | M4: =IF(B4<>"", OFFSET(FeeFoodHKD, 0, InvoiceCurrencyOffset)*(1-InvoiceDiscount)*COUNTA(C4:J4), 0) -> 0
A5: 3 | M5: =IF(B5<>"", OFFSET(FeeFoodHKD, 0, InvoiceCurrencyOffset)*(1-InvoiceDiscount)*COUNTA(C5:J5), 0) -> 0
A6: 4 | M6: =IF(B6<>"", OFFSET(FeeFoodHKD, 0, InvoiceCurrencyOffset)*(1-InvoiceDiscount)*COUNTA(C6:J6), 0) -> 0
A7: 5 | M7: =IF(B7<>"", OFFSET(FeeFoodHKD, 0, InvoiceCurrencyOffset)*(1-InvoiceDiscount)*COUNTA(C7:J7), 0) -> 0
A8: 6 | M8: =IF(B8<>"", OFFSET(FeeFoodHKD, 0, InvoiceCurrencyOffset)*(1-InvoiceDiscount)*COUNTA(C8:J8), 0) -> 0
A9: 7 | M9: =IF(B9<>"", OFFSET(FeeFoodHKD, 0, InvoiceCurrencyOffset)*(1-InvoiceDiscount)*COUNTA(C9:J9), 0) -> 0
A10: 8 | M10: =IF(B10<>"", OFFSET(FeeFoodHKD, 0, InvoiceCurrencyOffset)*(1-InvoiceDiscount)*COUNTA(C10:J10), 0) -> 0
A11: 9 | M11: =IF(B11<>"", OFFSET(FeeFoodHKD, 0, InvoiceCurrencyOffset)*(1-InvoiceDiscount)*COUNTA(C11:J11), 0) -> 0
A12: 10 | M12: =IF(B12<>"", OFFSET(FeeFoodHKD, 0, InvoiceCurrencyOffset)*(1-InvoiceDiscount)*COUNTA(C12:J12), 0) -> 0
A13: 11 | M13: =IF(B13<>"", OFFSET(FeeFoodHKD, 0, InvoiceCurrencyOffset)*(1-InvoiceDiscount)*COUNTA(C13:J13), 0) -> 0
A14: 12 | M14: =IF(B14<>"", OFFSET(FeeFoodHKD, 0, InvoiceCurrencyOffset)*(1-InvoiceDiscount)*COUNTA(C14:J14), 0) -> 0
... A101: 99 | M101: =IF(B101<>"", OFFSET(FeeFoodHKD, 0, InvoiceCurrencyOffset)*(1-InvoiceDiscount)*COUNTA(C101:J101), 0) -> 0

Sheet Ref
A1: YES | B1: Entry | C1: HKD | D1: USD | E1: GBP | F1: Euro | H1: Credit Cards | J1: HKD | U1: Count of category | AC1: Count of category
B2: Wine | C2: 1500 | D2: 192 | E2: 145 | F2: 165 | H2: Bank Transfer | J2: USD | U2: type | V2: category | W2: Total | AC2: category | AD2: category_s | AE2: Total
B3: Spirit | C3: 1500 | D3: 192 | E3: 145 | F3: 165 | L3: Count of type | U3: Rice Wine | V3: (blank) | AC3: (blank) | AD3: (blank)
B4: Beer | C4: 450 | D4: 58 | E4: 43 | F4: 50 | L4: type | M4: Total | U4: Rice Wine Total | AC4: (blank) Total
B5: Product Add-Ons | C5: HKD | D5: USD | E5: GBP | F5: Euro | L5: Rice Wine | M5: 1 | U5: (blank) | V5: (blank) | AC5: Double IPA (22A) | AD5: (blank) | AE5: 1
B6: Food | C6: 600 | D6: 77 | E6: 58 | F6: 66 | L6: IPA | M6: 14 | U6: (blank) Total | AC6: Double IPA (22A) Total | AE6: 1
B7: Other Fees | C7: HKD | D7: USD | E7: GBP | F7: Euro | J7: Red | L7: Pale Ale | M7: 21 | U7: IPA | V7: (blank) | AC7: English IPA (12C) | AD7: (blank) | AE7: 1
B8: Group Shipping | J8: White | L8: Pale Lager | M8: 17 | V8: Double IPA (22A) | W8: 1 | AC8: English IPA (12C) Total | AE8: 1
B9: Admin Fee (Proforma Invoice) | C9: 380 | D9: 48.7 | E9: 39 | F9: 45 | J9: Rosé | L9: Porter/Stout | M9: 14 | V9: English IPA (12C) | W9: 1 | AC9: IPA (21) | AD9: (blank) | AE9: 1
J10: Amber | L10: Sour | M10: 16 | V10: IPA (21) | W10: 11 | AD10: American IPA (21A) | AE10: 1
L11: Specialty | M11: 59 | U11: IPA Total | W11: 13 | AD11: Hazy IPA (21C) | AE11: 1
L12: Wheat | M12: 7 | U12: Pale Ale | V12: (blank) | AD12: Specialty IPA (21B) | AE12: 1
L13: Flavoured Wines | M13: 3 | V13: Australian Sparkling Ale (12B) | W13: 1 | AD13: Specialty IPA: Belgian IPA (21B(i)) | AE13: 1
A14: Beer-Mead | B14: IPA | L14: Madeira | M14: 4 | V14: Belgian Pale Ale (24B) | W14: 1 | AD14: Specialty IPA: Black IPA (21B(ii)) | AE14: 1
A15: Beer-Mead | B15: Pale Ale | L15: Port | M15: 14 | V15: Belgian Single (26A) | W15: 1 | AD15: Specialty IPA: Brown IPA (21B(iii)) | AE15: 1
A16: Beer-Mead | B16: Pale Lager | L16: Sherry | M16: 14 | V16: Bière de Garde (24C) | W16: 1 | AD16: Specialty IPA: Brut IPA (21B(vii)) | AE16: 1
A17: Beer-Mead | B17: Porter/Stout | L17: Worldwide Fortified Wine / Vin De Liqueur | M17: 4 | V17: British Bitter (11) | W17: 4 | AD17: Specialty IPA: Red IPA (21B(iv)) | AE17: 1
A18: Beer-Mead | B18: Sour | L18: Mead | M18: 6 | V18: British Golden Ale (12A) | W18: 1 | AD18: Specialty IPA: Rye IPA (21B(v)) | AE18: 1
A19: Beer-Mead | B19: Specialty | L19: Sparkling Mead | M19: 1 | V19: California Common (19B) | W19: 1 | AD19: Specialty IPA: White IPA (21B(vi)) | AE19: 1
A20: Beer-Mead | B20: Wheat | L20: Sake | M20: 11 | V20: Cream Ale (1C) | W20: 1 | AC20: IPA (21) Total | AE20: 11
A21: Beer-Mead | B21: Mead | L21: Bottle Fermented Sparkling Wines (red, white, rosé) | M21: 3 | V21: Historical Beer: Kentucky Common (27(ii)) | W21: 1 | AC21: Australian Sparkling Ale (12B) | AD21: (blank) | AE21: 1
A22: Beer-Mead | B22: Sparkling Mead | L22: Cava | M22: 20 | V22: Kölsch (5B) | W22: 1 | AC22: Australian Sparkling Ale (12B) Total | AE22: 1
L23: Champagne | M23: 28 | V23: Pale American Ale (18) | W23: 3 | AC23: Belgian Pale Ale (24B) | AD23: (blank) | AE23: 1
A24: Wine | B24: Bottle Fermented Sparkling Wines (red, white, rosé) | L24: Lightly Sparkling / Pale | M24: 3 | V24: Strong Belgian Ale (25) | W24: 4 | AC24: Belgian Pale Ale (24B) Total | AE24: 1
A25: Wine | B25: Cava | L25: Prosecco | M25: 33 | U25: Pale Ale Total | W25: 20 | AC25: Belgian Single (26A) | AD25: (blank) | AE25: 1
A26: Wine | B26: Champagne | L26: Tank Fermented Sparkling Wines (red, white, rosé) | M26: 4 | U26: Pale Lager | V26: (blank) | AC26: Belgian Single (26A) Total | AE26: 1
A27: Wine | B27: Lightly Sparkling / Pale | L27: Absinthe | M27: 3 | V27: American Lager (1B) | W27: 1 | AC27: Bière de Garde (24C) | AD27: (blank) | AE27: 1
A28: Wine | B28: Prosecco | L28: Aquavit | M28: 2 | V28: American Light Lager (1A) | W28: 1 | AC28: Bière de Garde (24C) Total | AE28: 1
A29: Wine | B29: Tank Fermented Sparkling Wines (red, white, rosé) | L29: Armagnac | M29: 20 | V29: Czech Pale Lager (3A) | W29: 1 | AC29: British Bitter (11) | AD29: (blank) | AE29: 1
A30: Wine | B30: Flavoured Wines | L30: Asian Spirits | M30: 15 | V30: Czech Premium Pale Lager (3B) | W30: 1 | AD30: Best Bitter (11B) | AE30: 1
A31: Wine | B31: Still Wine - Sweet (45+ g/L Residual Sugar) | L31: Bitters | M31: 3 | V31: German Helles Exportbier (5C) | W31: 1 | AD31: Ordinary Bitter (11A) | AE31: 1
A32: Wine | B32: Still Wine - Dry (below 5 g/L Residual Sugar) | L32: Calvados | M32: 15 | V32: German Leichtbier (5A) | W32: 1 | AD32: Strong Bitter (11C) | AE32: 1
A33: Wine | B33: Still Wine - Medium (5-45 g/L Residual Sugar) | L33: Cognac | M33: 49 | V33: German Pils (5D) | W33: 1 | AC33: British Bitter (11) Total | AE33: 4
A34: Wine | B34: Madeira | L34: Distilled Non-Alcoholic Spirits | M34: 1 | V34: Historical Beer: Pre-Prohibition Lager (27(vi)) | W34: 1 | AC34: British Golden Ale (12A) | AD34: (blank) | AE34: 1
A35: Wine | B35: Port | L35: Distilled Spirits (Other) | M35: 5 | V35: International Pale Lager (2A) | W35: 1 | AC35: British Golden Ale (12A) Total | AE35: 1
A36: Wine | B36: Sherry | L36: Fruit/Seed/Nut Spirits/Eau-de-Vie | M36: 12 | V36: Kellerbier (7C) | W36: 1 | AC36: California Common (19B) | AD36: (blank) | AE36: 1
A37: Wine | B37: Worldwide Fortified Wine / Vin De Liqueur | L37: Genever/Jenever | M37: 3 | V37: Märzen (6A) | W37: 1 | AC37: California Common (19B) Total | AE37: 1
L38: Gin | M38: 12 | V38: Pale Malty European Lager (4) | W38: 4 | AC38: Cream Ale (1C) | AD38: (blank) | AE38: 1
L39: Grain Spirits | M39: 12 | V39: Vienna Lager (7A) | W39: 1 | AC39: Cream Ale (1C) Total | AE39: 1
A40: Spirit-Sake | B40: Absinthe | L40: Grape Brandy | M40: 4 | U40: Pale Lager Total | W40: 16 | AC40: Historical Beer: Kentucky Common (27(ii)) | AD40: (blank) | AE40: 1
A41: Spirit-Sake | B41: Aquavit | L41: Liqueurs | M41: 33 | U41: Porter/Stout | V41: (blank) | AC41: Historical Beer: Kentucky Common (27(ii)) Total | AE41: 1
A42: Spirit-Sake | B42: Armagnac | L42: Mezcal | M42: 51 | V42: American Porter (20A) | W42: 1 | AC42: Kölsch (5B) | AD42: (blank) | AE42: 1
A43: Spirit-Sake | B43: Asian Spirits | L43: Miscellaneous Spirits | M43: 5 | V43: American Stout (20B) | W43: 1 | AC43: Kölsch (5B) Total | AE43: 1
A44: Spirit-Sake | B44: Bitters | L44: Pisco | M44: 10 | V44: Baltic Porter (9C) | W44: 1 | AC44: Pale American Ale (18) | AD44: (blank) | AE44: 1
A45: Spirit-Sake | B45: Calvados | L45: RTD/Cocktail | M45: 1 | V45: Dark British Beer (16) | W45: 5 | AD45: American Pale Ale (18B) | AE45: 1
A46: Spirit-Sake | B46: Cognac | L46: Rum | M46: 99 | V46: English Porter (13C) | W46: 1 | AD46: Blonde Ale (18A) | AE46: 1
A47: Spirit-Sake | B47: Distilled Non-Alcoholic Spirits | L47: Shochu/Soju | M47: 168 | V47: Historical Beer: Pre-Prohibition Porter (27(vii)) | W47: 1 | AC47: Pale American Ale (18) Total | AE47: 3
A48: Spirit-Sake | B48: Distilled Spirits (Other) | L48: Tequila/Agave Spirits | M48: 10 | V48: Imperial Stout (20C) | W48: 1 | AC48: Strong Belgian Ale (25) | AD48: (blank) | AE48: 1
A49: Spirit-Sake | B49: Fruit/Seed/Nut Spirits/Eau-de-Vie | L49: Vodka | M49: 61 | V49: Irish Extra Stout (15C) | W49: 1 | AD49: Belgian Blond Ale (25A) | AE49: 1
A50: Spirit-Sake | B50: Genever/Jenever | L50: Whiskey - Irish | M50: 80 | V50: Irish Stout (15B) | W50: 1 | AD50: Belgian Golden Strong Ale (25C) | AE50: 1
A51: Spirit-Sake | B51: Gin | L51: Whiskey - USA | M51: 44 | U51: Porter/Stout Total | W51: 13 | AD51: Saison (25B) | AE51: 1
A52: Spirit-Sake | B52: Grain Spirits | L52: Whiskey - Worldwide | M52: 62 | U52: Sour | V52: (blank) | AC52: Strong Belgian Ale (25) Total | AE52: 4
A53: Spirit-Sake | B53: Grape Brandy | L53: Whisky - Scotch | M53: 66 | V53: American Wild Ale (28) | W53: 5 | AC53: American Lager (1B) | AD53: (blank) | AE53: 1
A54: Spirit-Sake | B54: Liqueurs | L54: Other Aromatised Wine | M54: 3 | V54: European Sour Ale (23) | W54: 8 | AC54: American Lager (1B) Total | AE54: 1
A55: Spirit-Sake | B55: Mezcal | L55: Vermouth | M55: 3 | V55: Historical Beer: Gose (27(i)) | W55: 1 | AC55: American Light Lager (1A) | AD55: (blank) | AE55: 1
A56: Spirit-Sake | B56: Miscellaneous Spirits | L56: Still Wine - Dry (below 5 g/L Residual Sugar) | M56: 4 | V56: Historical Beer: Lichtenhainer (27(iii)) | W56: 1 | AC56: American Light Lager (1A) Total | AE56: 1
A57: Spirit-Sake | B57: Pisco | L57: Still Wine - Medium (5-45 g/L Residual Sugar) | M57: 7 | U57: Sour Total | W57: 15 | AC57: Czech Pale Lager (3A) | AD57: (blank) | AE57: 1
A58: Spirit-Sake | B58: RTD/Cocktail | L58: Still Wine - Sweet (45+ g/L Residual Sugar) | M58: 18 | U58: Specialty | V58: (blank) | AC58: Czech Pale Lager (3A) Total | AE58: 1
A59: Spirit-Sake | B59: Rum | L59: Grand Total | M59: 1178 | V59: Altbier (7B) | W59: 1 | AC59: Czech Premium Pale Lager (3B) | AD59: (blank) | AE59: 1
A60: Spirit-Sake | B60: Shochu/Soju | V60: Alternative Fermentables Beer (31) | W60: 2 | AC60: Czech Premium Pale Lager (3B) Total | AE60: 1
A61: Spirit-Sake | B61: Tequila/Agave Spirits | V61: Amber and Brown American Beer (19) | W61: 2 | AC61: German Helles Exportbier (5C) | AD61: (blank) | AE61: 1
A62: Spirit-Sake | B62: Vodka | V62: Brown British Beer (13) | W62: 2 | AC62: German Helles Exportbier (5C) Total | AE62: 1
A63: Spirit-Sake | B63: Whiskey - Irish | V63: Czech Lager (3) | W63: 2 | AC63: German Leichtbier (5A) | AD63: (blank) | AE63: 1
A64: Spirit-Sake | B64: Whiskey - USA | V64: Dark European Lager (8) | W64: 3 | AC64: German Leichtbier (5A) Total | AE64: 1
A65: Spirit-Sake | B65: Whiskey - Worldwide | V65: Dunkles Bock (6C) | W65: 1 | AC65: German Pils (5D) | AD65: (blank) | AE65: 1
A66: Spirit-Sake | B66: Whisky - Scotch | V66: Fruit Beer (29) | W66: 5 | AC66: German Pils (5D) Total | AE66: 1
A67: Spirit-Sake | B67: Sake | V67: Historical Beer (27) | W67: 5 | AC67: Historical Beer: Pre-Prohibition Lager (27(vi)) | AD67: (blank) | AE67: 1
A68: Spirit-Sake | B68: Rice Wine | V68: International Lager (2) | W68: 2 | AC68: Historical Beer: Pre-Prohibition Lager (27(vi)) Total | AE68: 1
A69: Spirit-Sake | B69: Vermouth | V69: Irish Red Ale (15A) | W69: 1 | AC69: International Pale Lager (2A) | AD69: (blank) | AE69: 1
A70: Spirit-Sake | B70: Other Aromatised Wine | V70: Kellerbier: Amber Kellerbier (7C(ii)) | W70: 1 | AC70: International Pale Lager (2A) Total | AE70: 1
V71: Kellerbier: Pale Kellerbier (7C(i)) | W71: 1 | AC71: Kellerbier (7C) | AD71: (blank) | AE71: 1
V72: Monastic Ale (26) | W72: 3 | AC72: Kellerbier (7C) Total | AE72: 1
V73: Rauchbier (6B) | W73: 1 | AC73: Märzen (6A) | AD73: (blank) | AE73: 1
V74: Scottish Ale (14) | W74: 4 | AC74: Märzen (6A) Total | AE74: 1
V75: Smoked Beer (32) | W75: 2 | AC75: Pale Malty European Lager (4) | AD75: (blank) | AE75: 1
V76: Specialty Beer (27(x)) | W76: 1 | AD76: Festbier (4B) | AE76: 1
V77: Specialty Beer (34) | W77: 3 | AD77: Helles Bock (4C) | AE77: 1
V78: Spiced Beer (30) | W78: 4 | AD78: Munich Helles (4A) | AE78: 1
V79: Strong American Ale (22) | W79: 3 | AC79: Pale Malty European Lager (4) Total | AE79: 4
V80: Strong British Ale (17) | W80: 5 | AC80: Vienna Lager (7A) | AD80: (blank) | AE80: 1
V81: Strong European Beer (9) | W81: 2 | AC81: Vienna Lager (7A) Total | AE81: 1
V82: Wood Beer (33) | W82: 2 | AC82: American Porter (20A) | AD82: (blank) | AE82: 1
U83: Specialty Total | W83: 58 | AC83: American Porter (20A) Total | AE83: 1
U84: Wheat | V84: (blank) | AC84: American Stout (20B) | AD84: (blank) | AE84: 1
V85: American Wheat Beer (1D) | W85: 1 | AC85: American Stout (20B) Total | AE85: 1
V86: German Wheat Beer (10) | W86: 4 | AC86: Baltic Porter (9C) | AD86: (blank) | AE86: 1
V87: Witbier (24A) | W87: 1 | AC87: Baltic Porter (9C) Total | AE87: 1
U88: Wheat Total | W88: 6 | AC88: Dark British Beer (16) | AD88: (blank) | AE88: 1
U89: Flavoured Wines | V89: Confectionary Flavoured | W89: 1 | AD89: Foreign Extra Stout (16D) | AE89: 1
V90: Fruit Flavoured | W90: 1 | AD90: Oatmeal Stout (16B) | AE90: 1
V91: Other Flavoured | W91: 1 | AD91: Sweet Stout (16A) | AE91: 1
U92: Flavoured Wines Total | W92: 3 | AD92: Tropical Stout (16C) | AE92: 1
U93: Madeira | V93: Bual & Other Medium Sweet Styles | W93: 1 | AC93: Dark British Beer (16) Total | AE93: 5
V94: Malmsey & Other Sweet | W94: 1 | AC94: English Porter (13C) | AD94: (blank) | AE94: 1
V95: Sercial & Other Dry Styles | W95: 1 | AC95: English Porter (13C) Total | AE95: 1
V96: Verdelho & Other Medium Dry Styles | W96: 1 | AC96: Historical Beer: Pre-Prohibition Porter (27(vii)) | AD96: (blank) | AE96: 1
U97: Madeira Total | W97: 4 | AC97: Historical Beer: Pre-Prohibition Porter (27(vii)) Total | AE97: 1
U98: Port | V98: 10 Year Tawny | W98: 1 | AC98: Imperial Stout (20C) | AD98: (blank) | AE98: 1
V99: 20 Year Tawny | W99: 1 | AC99: Imperial Stout (20C) Total | AE99: 1
V100: 30 Year Tawny | W100: 1 | AC100: Irish Extra Stout (15C) | AD100: (blank) | AE100: 1
...

Sheet ProductCategories
A1: code | B1: code_s | C1: code_ss | D1: type | E1: category | F1: category_s | G1: category_ss | H1: category_id | I1: search key
D2: IPA | H2: 801a | I2: =D2&E2&F2 -> IPA
D3: IPA | E3: Double IPA (22A) | H3: 801a-22A | I3: =D3&E3&F3 -> IPADouble IPA (22A)
D4: IPA | E4: English IPA (12C) | H4: 801a-12C | I4: =D4&E4&F4 -> IPAEnglish IPA (12C)
D5: IPA | E5: IPA (21) | H5: 801a-21 | I5: =D5&E5&F5 -> IPAIPA (21)
D6: IPA | E6: IPA (21) | F6: American IPA (21A) | H6: 801a-21A | I6: =D6&E6&F6 -> IPAIPA (21)American IPA (21A)
D7: IPA | E7: IPA (21) | F7: Hazy IPA (21C) | H7: 801a-21C | I7: =D7&E7&F7 -> IPAIPA (21)Hazy IPA (21C)
D8: IPA | E8: IPA (21) | F8: Specialty IPA (21B) | H8: 801a-21B | I8: =D8&E8&F8 -> IPAIPA (21)Specialty IPA (21B)
D9: IPA | E9: IPA (21) | F9: Specialty IPA: Belgian IPA (21B(i)) | H9: 801a-21B(i) | I9: =D9&E9&F9 -> IPAIPA (21)Specialty IPA: Belgian IPA (21B(i))
D10: IPA | E10: IPA (21) | F10: Specialty IPA: Black IPA (21B(ii)) | H10: 801a-21B(ii) | I10: =D10&E10&F10 -> IPAIPA (21)Specialty IPA: Black IPA (21B(ii))
D11: IPA | E11: IPA (21) | F11: Specialty IPA: Brown IPA (21B(iii)) | H11: 801a-21B(iii) | I11: =D11&E11&F11 -> IPAIPA (21)Specialty IPA: Brown IPA (21B(iii))
D12: IPA | E12: IPA (21) | F12: Specialty IPA: Brut IPA (21B(vii)) | H12: 801a-21B(vii) | I12: =D12&E12&F12 -> IPAIPA (21)Specialty IPA: Brut IPA (21B(vii))
D13: IPA | E13: IPA (21) | F13: Specialty IPA: Red IPA (21B(iv)) | H13: 801a-21B(iv) | I13: =D13&E13&F13 -> IPAIPA (21)Specialty IPA: Red IPA (21B(iv))
D14: IPA | E14: IPA (21) | F14: Specialty IPA: Rye IPA (21B(v)) | H14: 801a-21B(v) | I14: =D14&E14&F14 -> IPAIPA (21)Specialty IPA: Rye IPA (21B(v))
D15: IPA | E15: IPA (21) | F15: Specialty IPA: White IPA (21B(vi)) | H15: 801a-21B(vi) | I15: =D15&E15&F15 -> IPAIPA (21)Specialty IPA: White IPA (21B(vi))
D16: Pale Ale | H16: 800a | I16: =D16&E16&F16 -> Pale Ale
D17: Pale Ale | E17: Australian Sparkling Ale (12B) | H17: 800a-12B | I17: =D17&E17&F17 -> Pale AleAustralian Sparkling Ale (12B)
D18: Pale Ale | E18: Belgian Pale Ale (24B) | H18: 800a-24B | I18: =D18&E18&F18 -> Pale AleBelgian Pale Ale (24B)
D19: Pale Ale | E19: Belgian Single (26A) | H19: 800a-26A | I19: =D19&E19&F19 -> Pale AleBelgian Single (26A)
D20: Pale Ale | E20: Bière de Garde (24C) | H20: 800a-24C | I20: =D20&E20&F20 -> Pale AleBière de Garde (24C)
D21: Pale Ale | E21: British Bitter (11) | H21: 800a-11 | I21: =D21&E21&F21 -> Pale AleBritish Bitter (11)
D22: Pale Ale | E22: British Bitter (11) | F22: Best Bitter (11B) | H22: 800a-11B | I22: =D22&E22&F22 -> Pale AleBritish Bitter (11)Best Bitter (11B)
D23: Pale Ale | E23: British Bitter (11) | F23: Ordinary Bitter (11A) | H23: 800a-11A | I23: =D23&E23&F23 -> Pale AleBritish Bitter (11)Ordinary Bitter (11A)
D24: Pale Ale | E24: British Bitter (11) | F24: Strong Bitter (11C) | H24: 800a-11C | I24: =D24&E24&F24 -> Pale AleBritish Bitter (11)Strong Bitter (11C)
D25: Pale Ale | E25: British Golden Ale (12A) | H25: 800a-12A | I25: =D25&E25&F25 -> Pale AleBritish Golden Ale (12A)
D26: Pale Ale | E26: California Common (19B) | H26: 800a-19B | I26: =D26&E26&F26 -> Pale AleCalifornia Common (19B)
D27: Pale Ale | E27: Cream Ale (1C) | H27: 800a-1C | I27: =D27&E27&F27 -> Pale AleCream Ale (1C)
D28: Pale Ale | E28: Historical Beer: Kentucky Common (27(ii)) | H28: 800a-27(ii) | I28: =D28&E28&F28 -> Pale AleHistorical Beer: Kentucky Common (27(ii))
D29: Pale Ale | E29: Kölsch (5B) | H29: 800a-5B | I29: =D29&E29&F29 -> Pale AleKölsch (5B)
D30: Pale Ale | E30: Pale American Ale (18) | H30: 800a-18 | I30: =D30&E30&F30 -> Pale AlePale American Ale (18)
D31: Pale Ale | E31: Pale American Ale (18) | F31: American Pale Ale (18B) | H31: 800a-18B | I31: =D31&E31&F31 -> Pale AlePale American Ale (18)American Pale Ale (18B)
D32: Pale Ale | E32: Pale American Ale (18) | F32: Blonde Ale (18A) | H32: 800a-18A | I32: =D32&E32&F32 -> Pale AlePale American Ale (18)Blonde Ale (18A)
D33: Pale Ale | E33: Strong Belgian Ale (25) | H33: 800a-25 | I33: =D33&E33&F33 -> Pale AleStrong Belgian Ale (25)
D34: Pale Ale | E34: Strong Belgian Ale (25) | F34: Belgian Blond Ale (25A) | H34: 800a-25A | I34: =D34&E34&F34 -> Pale AleStrong Belgian Ale (25)Belgian Blond Ale (25A)
D35: Pale Ale | E35: Strong Belgian Ale (25) | F35: Belgian Golden Strong Ale (25C) | H35: 800a-25C | I35: =D35&E35&F35 -> Pale AleStrong Belgian Ale (25)Belgian Golden Strong Ale (25C)
D36: Pale Ale | E36: Strong Belgian Ale (25) | F36: Saison (25B) | H36: 800a-25B | I36: =D36&E36&F36 -> Pale AleStrong Belgian Ale (25)Saison (25B)
D37: Pale Lager | H37: 857 | I37: =D37&E37&F37 -> Pale Lager
D38: Pale Lager | E38: American Lager (1B) | H38: 857-1B | I38: =D38&E38&F38 -> Pale LagerAmerican Lager (1B)
D39: Pale Lager | E39: American Light Lager (1A) | H39: 857-1A | I39: =D39&E39&F39 -> Pale LagerAmerican Light Lager (1A)
D40: Pale Lager | E40: Czech Pale Lager (3A) | H40: 857-3A | I40: =D40&E40&F40 -> Pale LagerCzech Pale Lager (3A)
D41: Pale Lager | E41: Czech Premium Pale Lager (3B) | H41: 857-3B | I41: =D41&E41&F41 -> Pale LagerCzech Premium Pale Lager (3B)
D42: Pale Lager | E42: German Helles Exportbier (5C) | H42: 857-5C | I42: =D42&E42&F42 -> Pale LagerGerman Helles Exportbier (5C)
D43: Pale Lager | E43: German Leichtbier (5A) | H43: 857-5A | I43: =D43&E43&F43 -> Pale LagerGerman Leichtbier (5A)
D44: Pale Lager | E44: German Pils (5D) | H44: 857-5D | I44: =D44&E44&F44 -> Pale LagerGerman Pils (5D)
D45: Pale Lager | E45: Historical Beer: Pre-Prohibition Lager (27(vi)) | H45: 857-27(vi) | I45: =D45&E45&F45 -> Pale LagerHistorical Beer: Pre-Prohibition Lager (27(vi))
D46: Pale Lager | E46: International Pale Lager (2A) | H46: 857-2A | I46: =D46&E46&F46 -> Pale LagerInternational Pale Lager (2A)
D47: Pale Lager | E47: Kellerbier (7C) | H47: 857-7C | I47: =D47&E47&F47 -> Pale LagerKellerbier (7C)
D48: Pale Lager | E48: Märzen (6A) | H48: 857-6A | I48: =D48&E48&F48 -> Pale LagerMärzen (6A)
D49: Pale Lager | E49: Pale Malty European Lager (4) | H49: 857-4 | I49: =D49&E49&F49 -> Pale LagerPale Malty European Lager (4)
D50: Pale Lager | E50: Pale Malty European Lager (4) | F50: Festbier (4B) | H50: 857-4B | I50: =D50&E50&F50 -> Pale LagerPale Malty European Lager (4)Festbier (4B)
D51: Pale Lager | E51: Pale Malty European Lager (4) | F51: Helles Bock (4C) | H51: 857-4C | I51: =D51&E51&F51 -> Pale LagerPale Malty European Lager (4)Helles Bock (4C)
D52: Pale Lager | E52: Pale Malty European Lager (4) | F52: Munich Helles (4A) | H52: 857-4A | I52: =D52&E52&F52 -> Pale LagerPale Malty European Lager (4)Munich Helles (4A)
D53: Pale Lager | E53: Vienna Lager (7A) | H53: 857-7A | I53: =D53&E53&F53 -> Pale LagerVienna Lager (7A)
D54: Porter/Stout | H54: 871 | I54: =D54&E54&F54 -> Porter/Stout
D55: Porter/Stout | E55: American Porter (20A) | H55: 871-20A | I55: =D55&E55&F55 -> Porter/StoutAmerican Porter (20A)
D56: Porter/Stout | E56: American Stout (20B) | H56: 871-20B | I56: =D56&E56&F56 -> Porter/StoutAmerican Stout (20B)
D57: Porter/Stout | E57: Baltic Porter (9C) | H57: 871-9C | I57: =D57&E57&F57 -> Porter/StoutBaltic Porter (9C)
D58: Porter/Stout | E58: Dark British Beer (16) | H58: 871-16 | I58: =D58&E58&F58 -> Porter/StoutDark British Beer (16)
D59: Porter/Stout | E59: Dark British Beer (16) | F59: Foreign Extra Stout (16D) | H59: 871-16D | I59: =D59&E59&F59 -> Porter/StoutDark British Beer (16)Foreign Extra Stout (16D)
D60: Porter/Stout | E60: Dark British Beer (16) | F60: Oatmeal Stout (16B) | H60: 871-16B | I60: =D60&E60&F60 -> Porter/StoutDark British Beer (16)Oatmeal Stout (16B)
D61: Porter/Stout | E61: Dark British Beer (16) | F61: Sweet Stout (16A) | H61: 871-16A | I61: =D61&E61&F61 -> Porter/StoutDark British Beer (16)Sweet Stout (16A)
D62: Porter/Stout | E62: Dark British Beer (16) | F62: Tropical Stout (16C) | H62: 871-16C | I62: =D62&E62&F62 -> Porter/StoutDark British Beer (16)Tropical Stout (16C)
D63: Porter/Stout | E63: English Porter (13C) | H63: 871-13C | I63: =D63&E63&F63 -> Porter/StoutEnglish Porter (13C)
D64: Porter/Stout | E64: Historical Beer: Pre-Prohibition Porter (27(vii)) | H64: 871-27(vii) | I64: =D64&E64&F64 -> Porter/StoutHistorical Beer: Pre-Prohibition Porter (27(vii))
D65: Porter/Stout | E65: Imperial Stout (20C) | H65: 871-20C | I65: =D65&E65&F65 -> Porter/StoutImperial Stout (20C)
D66: Porter/Stout | E66: Irish Extra Stout (15C) | H66: 871-15C | I66: =D66&E66&F66 -> Porter/StoutIrish Extra Stout (15C)
D67: Porter/Stout | E67: Irish Stout (15B) | H67: 871-15B | I67: =D67&E67&F67 -> Porter/StoutIrish Stout (15B)
D68: Sour | H68: 872 | I68: =D68&E68&F68 -> Sour
D69: Sour | E69: American Wild Ale (28) | H69: 872-28 | I69: =D69&E69&F69 -> SourAmerican Wild Ale (28)
D70: Sour | E70: American Wild Ale (28) | F70: Brett Beer (28A) | H70: 872-28A | I70: =D70&E70&F70 -> SourAmerican Wild Ale (28)Brett Beer (28A)
D71: Sour | E71: American Wild Ale (28) | F71: Mixed-Fermentation Sour Beer (28B) | H71: 872-28B | I71: =D71&E71&F71 -> SourAmerican Wild Ale (28)Mixed-Fermentation Sour Beer (28B)
D72: Sour | E72: American Wild Ale (28) | F72: Wild Specialty Beer (28C) | H72: 872-28C | I72: =D72&E72&F72 -> SourAmerican Wild Ale (28)Wild Specialty Beer (28C)
D73: Sour | E73: American Wild Ale (28) | F73: Wild Specialty Beer (28D) | H73: 872-28D | I73: =D73&E73&F73 -> SourAmerican Wild Ale (28)Wild Specialty Beer (28D)
D74: Sour | E74: European Sour Ale (23) | H74: 872-23 | I74: =D74&E74&F74 -> SourEuropean Sour Ale (23)
D75: Sour | E75: European Sour Ale (23) | F75: Berliner Weisse (23A) | H75: 872-23A | I75: =D75&E75&F75 -> SourEuropean Sour Ale (23)Berliner Weisse (23A)
D76: Sour | E76: European Sour Ale (23) | F76: Flanders Red Ale (23B) | H76: 872-23B | I76: =D76&E76&F76 -> SourEuropean Sour Ale (23)Flanders Red Ale (23B)
D77: Sour | E77: European Sour Ale (23) | F77: Fruit Lambic (23F) | H77: 872-23F | I77: =D77&E77&F77 -> SourEuropean Sour Ale (23)Fruit Lambic (23F)
D78: Sour | E78: European Sour Ale (23) | F78: Gose (23G) | H78: 872-23G | I78: =D78&E78&F78 -> SourEuropean Sour Ale (23)Gose (23G)
D79: Sour | E79: European Sour Ale (23) | F79: Gueuze (23E) | H79: 872-23E | I79: =D79&E79&F79 -> SourEuropean Sour Ale (23)Gueuze (23E)
D80: Sour | E80: European Sour Ale (23) | F80: Lambic (23D) | H80: 872-23D | I80: =D80&E80&F80 -> SourEuropean Sour Ale (23)Lambic (23D)
D81: Sour | E81: European Sour Ale (23) | F81: Oud Bruin (23C) | H81: 872-23C | I81: =D81&E81&F81 -> SourEuropean Sour Ale (23)Oud Bruin (23C)
D82: Sour | E82: Historical Beer: Gose (27(i)) | H82: 872-27(i) | I82: =D82&E82&F82 -> SourHistorical Beer: Gose (27(i))
D83: Sour | E83: Historical Beer: Lichtenhainer (27(iii)) | H83: 872-27(iii) | I83: =D83&E83&F83 -> SourHistorical Beer: Lichtenhainer (27(iii))
D84: Specialty | H84: 873 | I84: =D84&E84&F84 -> Specialty
D85: Specialty | E85: Altbier (7B) | H85: 873-7B | I85: =D85&E85&F85 -> SpecialtyAltbier (7B)
D86: Specialty | E86: Alternative Fermentables Beer (31) | H86: 873-31 | I86: =D86&E86&F86 -> SpecialtyAlternative Fermentables Beer (31)
D87: Specialty | E87: Alternative Fermentables Beer (31) | F87: Alternative Grain Beer (31A) | H87: 873-31A | I87: =D87&E87&F87 -> SpecialtyAlternative Fermentables Beer (31)Alternative Grain Beer (31A)
D88: Specialty | E88: Alternative Fermentables Beer (31) | F88: Alternative Sugar Beer (31B) | H88: 873-31B | I88: =D88&E88&F88 -> SpecialtyAlternative Fermentables Beer (31)Alternative Sugar Beer (31B)
D89: Specialty | E89: Amber and Brown American Beer (19) | H89: 879-19 | I89: =D89&E89&F89 -> SpecialtyAmber and Brown American Beer (19)
D90: Specialty | E90: Amber and Brown American Beer (19) | F90: American Amber Ale (19A) | H90: 873-19A | I90: =D90&E90&F90 -> SpecialtyAmber and Brown American Beer (19)American Amber Ale (19A)
D91: Specialty | E91: Amber and Brown American Beer (19) | F91: American Brown Ale (19C) | H91: 873-19C | I91: =D91&E91&F91 -> SpecialtyAmber and Brown American Beer (19)American Brown Ale (19C)
D92: Specialty | E92: Brown British Beer (13) | H92: 873-13 | I92: =D92&E92&F92 -> SpecialtyBrown British Beer (13)
D93: Specialty | E93: Brown British Beer (13) | F93: British Brown Ale (13B) | H93: 873-13B | I93: =D93&E93&F93 -> SpecialtyBrown British Beer (13)British Brown Ale (13B)
D94: Specialty | E94: Brown British Beer (13) | F94: Dark Mild (13A) | H94: 873-13A | I94: =D94&E94&F94 -> SpecialtyBrown British Beer (13)Dark Mild (13A)
D95: Specialty | E95: Czech Lager (3) | H95: 873-3 | I95: =D95&E95&F95 -> SpecialtyCzech Lager (3)
D96: Specialty | E96: Czech Lager (3) | F96: Czech Amber Lager (3C) | H96: 873-3C | I96: =D96&E96&F96 -> SpecialtyCzech Lager (3)Czech Amber Lager (3C)
D97: Specialty | E97: Czech Lager (3) | F97: Czech Dark Lager (3D) | H97: 873-3D | I97: =D97&E97&F97 -> SpecialtyCzech Lager (3)Czech Dark Lager (3D)
D98: Specialty | E98: Dark European Lager (8) | H98: 873-8 | I98: =D98&E98&F98 -> SpecialtyDark European Lager (8)
D99: Specialty | E99: Dark European Lager (8) | F99: Munich Dunkel (8A) | H99: 873-8A | I99: =D99&E99&F99 -> SpecialtyDark European Lager (8)Munich Dunkel (8A)
D100: Specialty | E100: Dark European Lager (8) | F100: Schwarzbier (8B) | H100: 873-8B | I100: =D100&E100&F100 -> SpecialtyDark European Lager (8)Schwarzbier (8B)
...

Sheet Entry Form - Spirits
